 Dungeon Crawl Stone Soup version 0.30.0-30-g96aa6591b8 (webtiles) character file.

Game seed: 2755007811584735293

3 Tirrikindir the Shield-Bearer (level 1, 0/16 HPs)
             Began as an Octopode Fighter on June 30, 2023.
             Slain by a goblin
             ... wielding a +0 dagger
              (3 damage)
             ... on level 1 of the Dungeon.
             The game lasted 00:00:22 (95 turns).

Tirrikindir the Shield-Bearer (Octopode Fighter)      Turns: 95, Time: 00:00:22

Health: 0/16       AC:  1    Str: 15    XL:     1   Next: 50%
Magic:  1/1        EV: 13    Int: 10    God:
Gold:   0          SH:  4    Dex: 11    Spells: 0/0 levels left

rFire   . . .        a - +0 long sword
rCold   . . .        b - +0 buckler
rNeg    . . .        (helmet restricted)
rPois   .            (no amulet)
rElec   .            (no ring)
rCorr   .            (no ring)
SInv    .            (no ring)
Will    .....        (no ring)
Stlth   ++           (no ring)
HPRegen 0.22/turn    (no ring)
MPRegen 0.07/turn    (no ring)
                     (no ring)

%: no passive effects
@: no status effects
A: almost no armour, amphibious, 8 rings, camouflage 1, gelatinous body 1,
(nimble swimmer 1), tentacles
a: no special abilities


You were on level 1 of the Dungeon.
You visited 1 branch of the dungeon, and saw 1 of its levels.

Inventory:

Hand Weapons
 a - a +0 long sword (weapon)
Armour
 b - a +0 buckler (worn)
Potions
 c - a potion of might
 d - a potion of magic {unknown}
 e - 2 potions of mutation {unknown}


   Skills:
 + Level 3.0 Fighting
 * Level 2.1 Long Blades
 + Level 3.0 Dodging
 + Level 0.2 Stealth
 + Level 3.0 Shields


You couldn't memorise any spells.
You didn't know any spells.
Your spell library was empty.

Dungeon Overview and Level Annotations

Branches:
Dungeon (1/15)

Altars:


Innate Abilities, Weirdness & Mutations

You cannot wear most types of armour.
You are amphibious.
You can wear up to eight rings at the same time.
Your skin changes colour to match your surroundings (Stealth+).
Your rubbery body absorbs attacks. (AC +1, EV +1)
((You are camouflaged when in or above water. (Stealth+)))
You have tentacles for arms and can constrict up to eight enemies at once.


Message History

d - a white potion;
e - 2 bubbling amethyst potions
Found a ring mail.
Found 3 stones.
Found an escape hatch in the floor.
A ball python comes into view.
The ball python hisses angrily.
You closely miss the ball python. You grab the ball python.
You squeeze the ball python.
You kill the ball python!
You see here a ball python corpse.
A dart slug comes into view.
The dart slug launches a dart at you. The slug dart hits you.
A goblin comes into view. It is wielding a +0 dagger.
The dart slug briefly extends its eye-stalks.
The dart slug launches a dart at you. The slug dart hits you.
The dart slug launches a dart at you. The slug dart misses you.
You hit the dart slug. You grab the dart slug.
The dart slug is heavily wounded.
You constrict the dart slug. The dart slug closely misses you.
You completely miss the dart slug.
The dart slug is heavily wounded.
You constrict the dart slug.
The goblin shouts!
The dart slug launches a dart at you. The slug dart hits you.
* * * LOW HITPOINT WARNING * * *
You hit the dart slug.
You kill the dart slug!
You closely miss the goblin. Your grab misses the goblin.
You block the goblin's attack.
You barely miss the goblin. Your grab misses the goblin.
You squeeze the goblin, but do no damage.
The goblin misses you. The goblin barely misses you.
You barely miss the goblin. You grab the goblin.
You squeeze the goblin, but do no damage.
You constrict the goblin, but do no damage.
The goblin hits you with a +0 dagger.
You die...

#......###..##
#......###......###...#
.......##........##....
#.....##........###...
#.....##........# ##..
#.....##........## ###
#.....#....>.(...#
###...g.#..........#####
.......@...##.....#.....
########################
# # #


You could see a goblin.

Vanquished Creatures
  A dart slug (D:1)
  A ball python (D:1)
2 creatures vanquished.

Notes
Turn   | Place    | Note
-------+----------+-------------------------------------------
     0 | D:1      | Tirrikindir the Octopode Fighter began the quest for the
                  | Orb.
     0 | D:1      | Reached XP level 1. HP: 16/16 MP: 1/1
    95 | D:1      | Slain by a goblin

Illustrated notes

Levels and vault maps discovered:
D:1:      dpeg_arrival_snail, layout_rooms, minmay_tromino_v7

Action                     || total
---------------------------++-------
  Melee: Long sword        ||     7
         Constrict         ||     3
         Tentacles         ||     3
  Dodge: Dodged            ||     4
  Block: Buckler           ||     1
